 Dungeon Crawl Stone Soup version 0.31-a0-204-g7da18cac08 (webtiles) character file.

Game seed: 4881171422927976547

42 qw the Shooter (level 3, -3/20 HPs)
             Began as a Deep Elf Hunter on June 27, 2023.
             Succumbed to an adder's poison
             ... on level 2 of the Dungeon.
             The game lasted 00:00:30 (1453 turns).

qw the Shooter (Deep Elf Hunter)                    Turns: 1453, Time: 00:00:31

Health: -3/20      AC:  1    Str: 14    XL:     3   Next: 35%
Magic:  5/5        EV: 12    Int: 12    God:
Gold:   22         SH:  0    Dex: 15    Spells: 2/2 levels left

rFire   . . .        Y - +1 shortbow
rCold   . . .        (shield currently unavailable)
rNeg    . . .        c - +0 leather armour
rPois   .            (no helmet)
rElec   .            (no cloak)
rCorr   .            (no gloves)
SInv    .            (no boots)
Will    .....        (no amulet)
Stlth   ++           (no ring)
HPRegen 0.23/turn    (no ring)
MPRegen 0.09/turn

%: no passive effects
@: lethally poisoned (-3 -> -17), about to teleport
A: clumsy 1, deformed body, strong 1, devolution 1
a: no special abilities


You were on level 2 of the Dungeon.
You visited 1 branch of the dungeon, and saw 2 of its levels.

You collected 104 gold pieces.
You spent 82 gold pieces at shops.


Innate Abilities, Weirdness & Mutations

You are clumsy. (Dex -2)
Armour fits poorly on your strangely shaped body.
Your muscles are strong. (Str +4, Int/Dex -1)
You have hidden genetic defects.


   Skills:
 - Level 1.5 Fighting
 + Level 6.9 Ranged Weapons
 - Level 2.4 Dodging
 - Level 1.2 Stealth


You had 2 spell levels left.
You didn't know any spells.
Your spell library was empty.

Inventory:

Hand Weapons
 Y - a +1 shortbow (weapon)
Armour
 a - a +0 cloak
 c - a +0 leather armour (worn)
Jewellery
 d - a ring of wizardry
Potions
 e - a potion of brilliance {unknown}
 f - a potion of mutation
 g - a potion of haste {unknown}
 i - 2 potions of curing

Dungeon Overview and Level Annotations

Branches:
Dungeon (2/15)

Altars:

Shops:
D:2 *


Message History

Enter note:
Enter note:
Enter note:
Enter note:
Enter note:
Enter note: You shoot an arrow.
The arrow hits the adder.
The adder is lightly wounded.
A rat comes into view.
You shoot an arrow. The arrow misses the adder.
You shoot an arrow. The arrow barely misses the adder.
You shoot an arrow. The arrow closely misses the adder.
The adder misses you.
You shoot an arrow. The arrow hits the adder.
The adder is lightly wounded.
The adder bites you.
You are poisoned.
The adder poisons you! The adder closely misses you.
You shoot an arrow. The arrow closely misses the adder.
You feel sick. The adder bites you.
You are more poisoned.
The adder poisons you!
You shoot an arrow. The arrow hits the adder.
The adder is moderately wounded.
You feel sick. The adder bites you.
You are lethally poisoned!
The adder poisons you! The adder misses you.
You shoot an arrow. The arrow closely misses the adder.
You feel very sick. The adder bites you.
You are more poisoned.
The adder poisons you! The rat closely misses you.
1452 ||| READING scroll of teleportation.
As you read the scroll of teleportation, it crumbles to dust.
You feel strangely unstable.
You feel very sick. The adder closely misses you. The rat barely misses you.
You shoot an arrow. The arrow hits the adder.
The adder is moderately wounded.
You die...

..#...............##...#.#
#.#..........####..#.....######
#.#.......... ###.#..........#
#........... #....##........#
#.......... #.....#........###
#.......... #.................
#.....##########....######>######
......# ...........###...........
......# ........@..# #...(.......
......# ........Sr.# #...........
......# ...........# #...........
.#....#............# #####......#
.......########..... ######.#
.......# #...... #.# .......#
#....... #.# ..#.##.# #....#...
#.# ..#.# .# #.#


You could see an adder and a rat.

Vanquished Creatures
  3 bats (D:1)
  3 endoplasms
  A giant cockroach (D:1)
  4 goblins (D:1)
  5 hobgoblins
  4 quokkas
  5 ball pythons
  2 frilled lizards (D:1)
  7 kobolds
  3 rats (D:1)
37 creatures vanquished.

Notes
Turn   | Place    | Note
-------+----------+-------------------------------------------
     0 | D:1      | qw the Deep Elf Hunter began the quest for the Orb.
     0 | D:1      | Reached XP level 1. HP: 12/12 MP: 3/3
     0 | D:1      | 0 ||| qw: Version: 0.3-a-22-g0ed2b0b
     0 | D:1      | 0 ||| qw: Game counter: 6497
     0 | D:1      | 0 ||| qw: Melee chars always use a shield: true
     0 | D:1      | 0 ||| qw: God list: Okawaru
     0 | D:1      | 0 ||| qw: Allow faded altars: false
     0 | D:1      | 0 ||| qw: Do Orc after clearing Dungeon:15 true
     0 | D:1      | 0 ||| qw: Do second Lair branch before Depths: true
     0 | D:1      | 0 ||| qw: Lair rune preference: random
     0 | D:1      | 0 ||| qw: Goals: Normal
     0 | D:1      | 0 ||| PLANNING D:1-11
    67 | D:1      | Reached XP level 2. HP: 16/16 MP: 4/4
    70 | D:1      | Reached skill level 6 in Ranged Weapons
   571 | D:1      | Reached XP level 3. HP: 14/20 MP: 5/5
  1130 | D:1      | 1130 ||| READING scroll labelled CEILUR YMILURA.
  1131 | D:1      | 1131 ||| READING scroll labelled XOUT PUMPOALE.
  1132 | D:1      | 1132 ||| READING scroll labelled OLEAFA HOPNAC.
  1133 | D:1      | 1133 ||| READING scroll labelled SAULIN IHIG.
  1134 | D:1      | 1134 ||| READING scroll labelled WOYXKIV COX.
  1135 | D:1      | 1135 ||| READING scroll labelled ZIOD VAPIKKEL.
  1139 | D:1      | 1139 ||| READING scroll labelled HEPUUW ITZEFRA.
  1140 | D:1      | 1140 ||| DRINKING 2 fuming red potions.
  1140 | D:1      | Gained mutation: You are clumsy. (Dex -2) [potion of
                  | mutation]
  1140 | D:1      | Gained mutation: You have hidden genetic defects. [potion
                  | of mutation]
  1140 | D:1      | Gained mutation: Your muscles are strong. (Str +4, Int/Dex
                  | -1) [potion of mutation]
  1141 | D:1      | 1141 ||| DRINKING 2 bubbling golden potions.
  1142 | D:1      | 1142 ||| DROPPING scroll of butterflies.
  1162 | D:2      | Found Arel's General Store.
  1165 | D:2      | 1165 ||| STAIRDANCE
  1183 | D:2      | 1183 ||| STAIRDANCE
  1223 | D:2      | 1223 ||| BUYING +0 cloak (49 gold).
  1223 | D:2      | Bought a +0 cloak for 49 gold pieces
  1223 | D:2      | 1223 ||| SHOPLISTING +0 helmet (49 gold, have 43).
  1223 | D:2      | 1223 ||| BUYING scroll of teleportation (33 gold).
  1223 | D:2      | Bought a scroll of teleportation for 33 gold pieces
  1223 | D:2      | 1223 ||| SHOPLISTING scroll of teleportation (33 gold, have
                  | 10).
  1384 | D:2      | Gained mutation: Armour fits poorly on your strangely
                  | shaped body. [hidden defects]
  1451 | D:2      | HP: 5/20 [poisoned by an adder]
  1452 | D:2      | 1452 ||| READING scroll of teleportation.
  1452 | D:2      | HP: 1/20 [poisoned by an adder]
  1453 | D:2      | Succumbed to an adder's poison

Levels and vault maps discovered:
D:1:      co_arrival_square_in_a_square_in_a_square, layout_basic,
          minmay_misc_feat_diagonals, chequers_serial_rivers_room_a,
          nrook_campfire
D:2:      layout_basic, serial_corexii_hall, corexii_hall_statues_l,
          corexii_hall_statues_deadend, corexii_hall_statues_deadend,
          serial_shops, nicolae_shop_tiny_statue_garden

Skill      XL: |  1  2 |
---------------+-------+-----
Ranged Weapons | 6 |  6.9
Fighting       | |  1.5
Dodging        | |  2.4
Stealth        | |  1.2

Action                     || total
---------------------------++-------
   Fire: Shortbow          ||   102
    Use: Scroll            ||     8
         Potion            ||     2
 Armour: Leather armour    ||    12
  Dodge: Dodged            ||    25

Table legend:
 A = Non-vault XP
 B = Vault XP
 C = Vault XP percentage of total XP
 D = Non-vault monster count
 E = Vault monster count
 F = Vault count percentage of total count
                 A         B        C        D         E       F
            +---------+---------+-------+---------+---------+-------
      Total |      61 |       0 |   0.0 |      37 |       0 |   0.0
            +---------+---------+-------+---------+---------+-------
        D:1 |      51 |       0 |   0.0 |      31 |       0 |   0.0
        D:2 |      10 |       0 |   0.0 |       6 |       0 |   0.0
            +---------+---------+-------+---------+---------+-------
